Map: [ESL] Inside and Out

Players

AqueroN

  • Race: Terran Terran
  • Spawn Location: 1:00

HeroMarine - Winner!

  • Race: Terran Terran
  • Spawn Location: 7:00

Event: DreamHack SC2 Masters 2022 Atlanta (Online)

VOD

Have the link to the VOD?

Description

Time

  • Played on: Oct. 7, 2022, 1:15 p.m.
  • Length: 11:35

All games in this series

Show
View Real Time Build Order
Export as new Build Order

AqueroN Terran 

Build Orders: 1/1/1 

Get SALT Encoding   

  12  0:00  SCV  
  13  0:12  SCV  
  14  0:16  Supply Depot  
  14  0:24  SCV  
  15  0:29  Refinery  
  15  0:38  SCV  
  16  0:43  Barracks  
  16  0:50  SCV  
  16  0:55  Refinery  
  17  1:02  SCV  
  18  1:14  SCV  
  19  1:30  Orbital Command  
  19  1:33  Factory  
  19  1:34  Barracks Reactor  
  19  1:43  Supply Depot  
  19  1:55  SCV  
  20  2:07  SCV  
  21  2:10  Reaper x2  
  21  2:13  Supply Depot  
  23  2:16  Hellion  
  25  2:24  SCV  
  25  2:27  Starport  
  26  2:37  Hellion  
  26  2:42  SCV, Reaper  
  26  2:43  Reaper  
  31  2:50  Supply Depot  
  31  2:54  SCV  
  32  2:59  Hellion  
  32  3:04  Medivac  
  36  3:06  SCV  
  37  3:14  Reaper  
  37  3:15  Reaper  
  39  3:21  Hellion  
  39  3:23  Supply Depot  
  41  3:37  Starport Tech Lab  
  41  3:43  Command Center  
  41  3:46  Factory Tech Lab  
  41  3:51  Marine x2  
  43  3:59  Banshee  
  45  4:06  SCV  
  42  4:10  Marine x2  
  42  4:14  Cloaking Field  
  41  4:20  SCV  
  42  4:25  Siege Tank  
  44  4:32  SCV  
  44  4:33  Marine x2  
  42  4:42  Banshee  
  42  4:44  SCV  
  46  4:51  Marine x2  
  48  4:57  SCV  
  48  5:01  Orbital Command  
  45  5:11  Marine x2  
  47  5:14  SCV  
  47  5:19  Siege Tank  
  51  5:24  Refinery  
  51  5:26  SCV  
  52  5:29  Marine x2  
  52  5:30  SCV  
  55  5:38  SCV  
  55  5:42  SCV  
  57  5:43  Banshee  
  57  5:47  Marine x2  
  62  5:52  SCV  
  62  5:54  SCV  
  62  5:56  Supply Depot  
  64  6:04  SCV, Siege Tank  
  64  6:06  SCV  
  64  6:10  Marine  
  70  6:15  Supply Depot  
  70  6:18  Marine  
  71  6:27  SCV x2  
  73  6:36  Command Center, Siege Tank  
  73  6:38  Marine x2  
  73  6:39  SCV  
  80  6:40  SCV  
  80  6:52  SCV x2  
  75  7:04  SCV x2  
  75  7:05  Marine x2  
  75  7:07  Raven  
  81  7:08  Barracks, Siege Tank  
  81  7:09  Barracks  
  81  7:16  SCV x2  
  83  7:22  Marine  
  83  7:23  Marine  
  83  7:28  SCV x2  
  79  7:37  Barracks  
  79  7:38  Barracks  
  79  7:40  SCV, Marine x2  
  79  7:41  SCV  
  70  7:45  Siege Tank  
  73  7:51  Refinery, Raven  
  73  7:53  SCV x2  
  73  7:54  Orbital Command  
  73  7:58  Marine x2  
  77  8:00  Barracks Tech Lab  
  77  8:01  Barracks Reactor  
  77  8:05  SCV x2  
  78  8:17  SCV, Siege Tank  
  78  8:18  SCV  
  78  8:19  Engineering Bay  
  83  8:20  Engineering Bay, SCV  
  83  8:23  Marine x2  
  83  8:24  Stimpack  
  83  8:25  Barracks Reactor  
  83  8:26  Barracks Reactor  
  86  8:30  SCV x2, Marine  
  86  8:32  SCV  
  90  8:39  Refinery, Marine x2  
  90  8:41  Marine  
  92  8:42  SCV x2  
  92  8:45  Supply Depot  
  92  8:46  Supply Depot  
  95  8:50  Terran Infantry Weapons Level 1, Starport Reactor  
  95  8:51  Terran Infantry Armor Level 1, Marine x2  
  97  8:57  Marine x2  
  97  8:58  SCV x2  
  97  9:01  Refinery  
  101  9:07  SCV, Siege Tank, Marine x4  
  101  9:08  Supply Depot, Marine x2  
  111  9:16  Marine x3  
  114  9:23  Barracks  
  114  9:24  Barracks  
  111  9:25  Marine  
  111  9:26  Barracks  
  111  9:27  Supply Depot, Medivac x2, Marine  
  111  9:28  Supply Depot  
  111  9:30  Marine x3  
  120  9:36  Sensor Tower  
  120  9:38  Marine x4  
  124  9:46  Supply Depot  
  124  9:47  Supply Depot, Siege Tank, Marine x3  
  124  9:50  Marine x2  
  132  9:56  Supply Depot, Marine x2  
  132  9:57  Medivac  
  132  9:58  Medivac  
  138  10:03  Marine x2  
  138  10:04  Combat Shield  
  138  10:05  Marine  
  141  10:09  Armory  
  141  10:12  Barracks Reactor x2  
  141  10:13  Barracks Reactor, Marine x2  
  141  10:14  Marine x4  
  144  10:19  Siege Tank  
  144  10:21  Marine x2  
  152  10:22  Marine  
  153  10:31  Marine x4  
  153  10:32  Marine x2  
  159  10:36  Medivac x2  
  159  10:38  Marine x2  
  159  10:40  Marine  
  165  10:48  Marine  
  165  10:49  Marine x8  
  172  10:56  Supply Depot  
  173  10:57  Supply Depot, Marine x2  
  173  10:58  Marine  
  173  10:59  Supply Depot  
  172  11:06  Marine  
  172  11:08  Marine x2  
  172  11:09  Marine x2  
  177  11:19  Supply Depot  
  177  11:20  Supply Depot  
Show
View Real Time Build Order
Export as new Build Order

HeroMarine Terran - Winner!

Build Orders:  

Get SALT Encoding   

  12  0:00  SCV  
  13  0:13  SCV  
  14  0:17  Supply Depot  
  14  0:25  SCV  
  15  0:38  SCV  
  15  0:40  Barracks  
  16  0:43  Refinery  
  16  0:50  SCV  
  16  0:53  Refinery  
  17  1:02  SCV  
  18  1:14  SCV  
  19  1:28  Reaper, Orbital Command  
  19  1:32  Supply Depot  
  20  1:42  Factory  
  20  1:53  SCV  
  21  2:00  Barracks Reactor  
  21  2:05  SCV  
  22  2:17  SCV  
  22  2:22  Command Center  
  23  2:27  Hellion  
  23  2:29  SCV  
  26  2:36  Reaper x2  
  28  2:42  Supply Depot  
  28  2:44  SCV  
  28  2:48  Hellion  
  31  2:59  Starport  
  31  3:03  SCV  
  32  3:08  Marine x2  
  32  3:10  Factory Tech Lab  
  34  3:16  SCV  
  37  3:28  SCV  
  37  3:32  Cyclone  
  37  3:33  Marine x2  
  41  3:36  Viking  
  41  3:40  SCV  
  44  3:51  Marine x2  
  44  3:52  SCV  
  44  3:53  Orbital Command  
  46  4:04  SCV  
  46  4:09  Marine x2  
  48  4:11  Starport Tech Lab  
  48  4:13  Cyclone  
  48  4:16  SCV  
  50  4:19  SCV, Refinery  
  51  4:28  SCV  
  54  4:32  SCV  
  54  4:37  Supply Depot, Raven  
  52  4:40  SCV  
  52  4:44  SCV  
  54  4:52  Command Center  
  54  4:59  SCV x2  
  55  5:06  Siege Tank  
  58  5:08  Marine x2  
  58  5:11  SCV x2  
  59  5:15  Supply Depot  
  59  5:20  Refinery, Raven  
  61  5:23  SCV  
  62  5:35  Barracks  
  62  5:36  SCV x2, Marine x2, Barracks  
  62  5:39  Siege Tank  
  69  5:45  Engineering Bay  
  69  5:46  Engineering Bay  
  69  5:48  SCV  
  70  6:03  Orbital Command  
  70  6:04  SCV x2  
  75  6:11  Siege Tank  
  75  6:12  Stimpack  
  75  6:13  Terran Infantry Armor Level 1, Terran Infantry Weapons Level 1  
  75  6:16  SCV  
  75  6:17  SCV, Missile Turret  
  77  6:20  Missile Turret  
  77  6:23  Viking  
  78  6:27  Viking  
  78  6:28  SCV  
  78  6:31  SCV  
  78  6:32  Orbital Command  
  81  6:40  Barracks Reactor, SCV  
  81  6:41  Barracks Reactor  
  81  6:43  SCV  
  81  6:44  Marine  
  81  6:45  Supply Depot  
  81  6:46  Supply Depot  
  84  6:47  Supply Depot  
  84  6:52  SCV  
  77  6:55  Viking, SCV  
  77  6:57  Viking  
  75  7:03  Supply Depot  
  75  7:04  Supply Depot, SCV x2, Marine  
  75  7:07  SCV  
  79  7:15  Siege Tank  
  82  7:16  SCV  
  82  7:21  SCV  
  85  7:24  Marine  
  85  7:25  Viking, Marine x3  
  85  7:26  Marine  
  85  7:28  SCV, Orbital Command  
  92  7:33  SCV  
  90  7:40  SCV  
  90  7:41  Marine  
  90  7:43  Marine x4  
  96  7:45  SCV  
  96  7:50  Siege Tank  
  96  7:51  Barracks, Combat Shield  
  100  7:52  Barracks, SCV  
  101  8:04  SCV x2, Armory, Marine x3  
  101  8:05  SCV  
  107  8:11  Refinery  
  107  8:12  Refinery  
  104  8:14  Sensor Tower, Marine x2  
  104  8:16  SCV  
  104  8:17  SCV  
  104  8:18  Viking  
  109  8:24  Supply Depot x2  
  109  8:37  Command Center  
  109  8:39  Barracks Reactor x2  
  109  8:42  Supply Depot  
  109  8:43  SCV x2, Medivac, Siege Tank, Marine  
  109  8:47  SCV, Medivac  
  120  8:55  Terran Infantry Armor Level 2, Terran Infantry Weapons Level 2, SCV x2  
  122  9:01  Terran Vehicle Weapons Level 1, Supply Depot  
  123  9:04  Marine  
  123  9:05  Marine x3  
  123  9:06  Supply Depot, Marine  
  130  9:15  SCV  
  130  9:16  SCV x2  
  129  9:19  Marine x4  
  129  9:20  Siege Tank  
  129  9:21  Medivac x2  
  129  9:22  Marine x2  
  129  9:23  Marine  
  142  9:29  Marine  
  143  9:35  Factory  
  143  9:36  Marine x2  
  143  9:37  Marine x2  
  147  9:40  Marine  
  147  9:41  Missile Turret  
  147  9:43  Marine x2  
  147  9:45  Barracks Reactor  
  150  9:50  SCV x3  
  150  9:51  Viking x2  
  150  9:52  Siege Tank  
  160  10:00  Marine  
  160  10:01  Marine x7  
  160  10:02  SCV x3  
  171  10:09  Refinery x2  
  172  10:14  SCV, Sensor Tower  
  172  10:17  Supply Depot  
  172  10:18  Supply Depot  
  172  10:19  SCV x2, Marine, Planetary Fortress  
  175  10:26  Missile Turret  
  175  10:34  Siege Tank  
  178  10:38  Starport  
  178  10:39  Supply Depot, Siege Tank  
  178  10:40  Starport  
  181  10:43  Marine x9  
  189  10:53  Command Center  
  175  11:09  Marine  
  175  11:10  Marine x9  
  191  11:15  Starport Tech Lab  
  191  11:16  Starport Tech Lab  
Tags
 
Add a new tag
Caveats
  • Supply blocks, unpowered buildings, or Contaminate may cause inaccurate times.
  • Supply counts are checked every 10 seconds.